LNP
MOROVIS SANISALVOS @ MAUNABO ARTILLEROS
06/20/1903
 
TOP OF THE 1ST
Morovis Sanisalvos batting - Pitching for Maunabo Artilleros : LHP Benjamín Centeno
Pitching: LHP Benjamín Centeno
Batting: RHB Ismael Santa Cruz 0-0: Ball
1-0: Fly out, F2 (Popup, 3SF, EV 127 KM/H)
Batting: LHB Teucro González 0-0: Fly out, F9 (Line Drive, 9, EV 151 KM/H)
Batting: SHB Carmelo Mendoza 0-0: Ball
1-0: Fly out, F7 (Flyball, 7D, EV 137 KM/H)
Top of the 1st over - 0 runs, 0 hits, 0 errors, 0 left on base; Morovis 0 - Maunabo 0
BOTTOM OF THE 1ST
Maunabo Artilleros batting - Pitching for Morovis Sanisalvos : LHP Marcelo Moreno
Pitching: LHP Marcelo Moreno
Batting: RHB José García 0-0: Ball
1-0: Ground out 4-3 (Groundball, 4, EV 134 KM/H)
Batting: RHB Wes Layman 0-0: Fly out, F8 (Flyball, 78D, EV 136 KM/H)
Batting: RHB Maximiliano Bahena 0-0: Ball
1-0: Ground out U3 (Groundball, 3, EV 148 KM/H)
Bottom of the 1st over - 0 runs, 0 hits, 0 errors, 0 left on base; Morovis 0 - Maunabo 0
TOP OF THE 2ND
Morovis Sanisalvos batting - Pitching for Maunabo Artilleros : LHP Benjamín Centeno
Batting: LHB Mike Sharp 0-0: Ball
1-0: Ball
2-0: Ground out 4-3 (Groundball, 4, EV 168 KM/H)
Batting: RHB Aníbal Borrayo 0-0: Called Strike
0-1: Ball
1-1: Ball
2-1: Called Strike
2-2: Fly out, F6 (Line Drive, 6M, EV 103 KM/H)
Batting: LHB Josué López 0-0: Fly out, F8 (Flyball, 8LS, EV 142 KM/H)
Top of the 2nd over - 0 runs, 0 hits, 0 errors, 0 left on base; Morovis 0 - Maunabo 0
BOTTOM OF THE 2ND
Maunabo Artilleros batting - Pitching for Morovis Sanisalvos : LHP Marcelo Moreno
Batting: SHB Rick Rabinovich 0-0: Ball
1-0: Ground out 6-3 (Groundball, 6S, EV 106 KM/H)
Batting: RHB Pablo Zamora 0-0: Foul Ball, location: 9LSF
0-1: Ball
1-1: Ball
2-1: Bunt missed!
2-2: Ground out 3-1 (Groundball, 34, EV 129 KM/H)
Batting: RHB Eugenio Torres 0-0: Ball
1-0: SINGLE (Line Drive, 89S, EV 158 KM/H)
Batting: RHB Édgar Cruz 0-0: Called Strike
Eugenio Torres is caught stealing 2nd base 2-4
Bottom of the 2nd over - 0 runs, 1 hit, 0 errors, 0 left on base; Morovis 0 - Maunabo 0
TOP OF THE 3RD
Morovis Sanisalvos batting - Pitching for Maunabo Artilleros : LHP Benjamín Centeno
Batting: RHB Osmundo Pasarán 0-0: Ball
1-0: Called Strike
1-1: Ground out U3 (Groundball, 3, EV 166 KM/H)
Batting: SHB Teodoro González 0-0: Foul Ball, location: 23FF
0-1: Ball
1-1: Reached via error on a dropped throw from 1B, E1 (Groundball, 34, EV 165 KM/H)
Batting: RHB Getulio Bueno 0-0: Called Strike
0-1: Ball
1-1: Called Strike
1-2: Fly out, F7 (Flyball, 7, EV 150 KM/H)
Batting: RHB Ismael Santa Cruz 0-0: Ball
1-0: Called Strike
1-1: Fly out, F9 (Flyball, 9, EV 138 KM/H)
Top of the 3rd over - 0 runs, 0 hits, 1 error, 1 left on base; Morovis 0 - Maunabo 0
BOTTOM OF THE 3RD
Maunabo Artilleros batting - Pitching for Morovis Sanisalvos : LHP Marcelo Moreno
Batting: RHB Édgar Cruz 0-0: Swinging Strike
0-1: Ball
1-1: Ball
2-1: Called Strike
2-2: Strikes out looking
Batting: RHB Rodrigo Amezquita 0-0: Foul Ball, location: 5SF
0-1: Ball
1-1: Ball
2-1: Ball
3-1: Swinging Strike
3-2: SINGLE (Groundball, 6MD, EV 156 KM/H)
Batting: RHB Ismael Molina 0-0: Fly out, F2 (Popup, 23F, EV 137 KM/H)
Batting: RHB José García Pickoff Throw to First - Out! 1-3 CS
Bottom of the 3rd over - 0 runs, 1 hit, 0 errors, 0 left on base; Morovis 0 - Maunabo 0
TOP OF THE 4TH
Morovis Sanisalvos batting - Pitching for Maunabo Artilleros : LHP Benjamín Centeno
Batting: LHB Teucro González 0-0: Called Strike
0-1: Foul Ball, location: 25F
0-2: Hit by Pitch
Batting: SHB Carmelo Mendoza 0-0: Called Strike
0-1: Called Strike
0-2: Fly out, F7 (Flyball, 7S, EV 152 KM/H)
Batting: LHB Mike Sharp 0-0: Ball
1-0: Ball
2-0: Called Strike
2-1: Fly out, F5 (Line Drive, 5L, EV 117 KM/H)
Lined into DP, 5-3 (Line Drive, 5L, EV 117 KM/H)
Top of the 4th over - 0 runs, 0 hits, 0 errors, 0 left on base; Morovis 0 - Maunabo 0
BOTTOM OF THE 4TH
Maunabo Artilleros batting - Pitching for Morovis Sanisalvos : LHP Marcelo Moreno
Batting: RHB José García 0-0: Ground out 6-3 (Groundball, 6MS, EV 145 KM/H)
Batting: RHB Wes Layman 0-0: Called Strike
0-1: Ball
1-1: Foul Ball, location: 23F
1-2: Ground out 6-3 (Groundball, 6MD, EV 162 KM/H)
Batting: RHB Maximiliano Bahena 0-0: Called Strike
0-1: Ball
1-1: Ball
2-1: Fly out, F6 (Popup, 4MD, EV 109 KM/H)
Bottom of the 4th over - 0 runs, 0 hits, 0 errors, 0 left on base; Morovis 0 - Maunabo 0
TOP OF THE 5TH
Morovis Sanisalvos batting - Pitching for Maunabo Artilleros : LHP Benjamín Centeno
Batting: RHB Aníbal Borrayo 0-0: Foul Ball, location: 23FF
0-1: Ball
1-1: Swinging Strike
1-2: Ground out 1-3 (Groundball, 13S, EV 106 KM/H)
Batting: LHB Josué López 0-0: Ground out 6-3 (Groundball, 6, EV 144 KM/H)
Batting: RHB Osmundo Pasarán 0-0: Called Strike
0-1: Foul Ball, location: 9LDF
0-2: Ball
1-2: Ball
2-2: Strikes out looking
Top of the 5th over - 0 runs, 0 hits, 0 errors, 0 left on base; Morovis 0 - Maunabo 0
BOTTOM OF THE 5TH
Maunabo Artilleros batting - Pitching for Morovis Sanisalvos : LHP Marcelo Moreno
Batting: SHB Rick Rabinovich 0-0: Fly out, F8 (Flyball, 8RD, EV 151 KM/H)
Batting: RHB Pablo Zamora 0-0: Foul Ball, location: 2F
0-1: Swinging Strike
0-2: Ball
1-2: Foul Ball, location: 2F
1-2: Fly out, F8 (Flyball, 8RM, EV 146 KM/H)
Batting: RHB Eugenio Torres 0-0: Ball
1-0: Swinging Strike
1-1: Fly out, F9 (Flyball, 9LM, EV 147 KM/H)
Bottom of the 5th over - 0 runs, 0 hits, 0 errors, 0 left on base; Morovis 0 - Maunabo 0
TOP OF THE 6TH
Morovis Sanisalvos batting - Pitching for Maunabo Artilleros : LHP Benjamín Centeno
Batting: SHB Teodoro González 0-0: Swinging Strike
0-1: Fly out, F8 (Flyball, 78XD, EV 165 KM/H)
Batting: RHB Getulio Bueno 0-0: Ball
1-0: Ball
2-0: Fly out, F8 (Flyball, 78S, EV 145 KM/H)
Batting: RHB Ismael Santa Cruz 0-0: Ball
1-0: Called Strike
1-1: Ball
2-1: Ground out 1-3 (Groundball, 34S, EV 116 KM/H)
Top of the 6th over - 0 runs, 0 hits, 0 errors, 0 left on base; Morovis 0 - Maunabo 0
BOTTOM OF THE 6TH
Maunabo Artilleros batting - Pitching for Morovis Sanisalvos : LHP Marcelo Moreno
Batting: RHB Édgar Cruz 0-0: Fly out, F5 (Line Drive, 5L, EV 109 KM/H)
Batting: RHB Rodrigo Amezquita 0-0: Ball
1-0: Ball
2-0: Swinging Strike
2-1: Fly out, F7 (Flyball, 7, EV 140 KM/H)
Batting: RHB Ismael Molina 0-0: Ball
1-0: Ball
2-0: Swinging Strike
2-1: Ball
3-1: Fly out, F3 (Popup, 34, EV 126 KM/H)
Bottom of the 6th over - 0 runs, 0 hits, 0 errors, 0 left on base; Morovis 0 - Maunabo 0
TOP OF THE 7TH
Morovis Sanisalvos batting - Pitching for Maunabo Artilleros : LHP Benjamín Centeno
Batting: LHB Teucro González 0-0: Ball
1-0: Ground out 4-3 (Groundball, 4M, EV 144 KM/H)
Batting: SHB Carmelo Mendoza 0-0: Ball
1-0: Called Strike
1-1: Ball
2-1: Foul Ball, location: 7LMFF
2-2: Ground out 5-3 (Groundball, 56S, EV 112 KM/H)
Batting: LHB Mike Sharp 0-0: Foul Ball, location: 2F
0-1: Called Strike
0-2: Ball
1-2: Foul Ball, location: 7LDF
1-2: Ball
2-2: Strikes out looking
Top of the 7th over - 0 runs, 0 hits, 0 errors, 0 left on base; Morovis 0 - Maunabo 0
BOTTOM OF THE 7TH
Maunabo Artilleros batting - Pitching for Morovis Sanisalvos : LHP Marcelo Moreno
Batting: RHB José García 0-0: Called Strike
0-1: Foul Ball, location: 9LDF
0-2: Ball
1-2: Ground out 4-3 (Groundball, 4S, EV 134 KM/H)
Batting: RHB Wes Layman 0-0: Ground out 5-3 (Groundball, 5, EV 155 KM/H)
Batting: RHB Maximiliano Bahena 0-0: Called Strike
0-1: Ball
1-1: Ground out 2-3 (Groundball, 13S, EV 112 KM/H)
Bottom of the 7th over - 0 runs, 0 hits, 0 errors, 0 left on base; Morovis 0 - Maunabo 0
TOP OF THE 8TH
Morovis Sanisalvos batting - Pitching for Maunabo Artilleros : LHP Benjamín Centeno
Batting: RHB Aníbal Borrayo 0-0: Ball
1-0: Swinging Strike
1-1: Ground out 6-3 (Groundball, 6, EV 136 KM/H)
Pinch Hitting: RHB Elías Pérez 0-0: Ball
1-0: Fly out, F6 (Popup, 6M, EV 79 KM/H)
Batting: RHB Osmundo Pasarán 0-0: Called Strike
0-1: Ball
1-1: Reached on error, E4 (Groundball, 34D, EV 163 KM/H)
Pinch Hitting: RHB Hernán Ángeles 0-0: Foul Ball, location: 2F
0-1: Swinging Strike
0-2: Fly out, F3 (Popup, 3SF, EV 125 KM/H)
Top of the 8th over - 0 runs, 0 hits, 1 error, 1 left on base; Morovis 0 - Maunabo 0
BOTTOM OF THE 8TH
Maunabo Artilleros batting - Pitching for Morovis Sanisalvos : LHP Marcelo Moreno
Now at 1B: Hernán Morales
Now at SS: Juan Fermán
Batting: SHB Rick Rabinovich 0-0: Foul Ball, location: 3FF
0-1: Ball
1-1: SINGLE (Popup, 3D, EV 119 KM/H)
Batting: RHB Pablo Zamora 0-0: Called Strike
0-1: Ball
1-1: Bunted foul
1-2: Ball
2-2: Strikes out swinging
Batting: RHB Eugenio Torres 0-0: Called Strike
Rick Rabinovich is caught stealing 2nd base 2-4
0-1: Ball
1-1: Called Strike
1-2: Ball
2-2: Foul Ball, location: 2F
2-2: Foul Ball, location: 9LSF
2-2: Strikes out swinging
Bottom of the 8th over - 0 runs, 1 hit, 0 errors, 0 left on base; Morovis 0 - Maunabo 0
TOP OF THE 9TH
Morovis Sanisalvos batting - Pitching for Maunabo Artilleros : LHP Benjamín Centeno
Batting: RHB Getulio Bueno 0-0: Called Strike
0-1: Foul Ball, location: 3F
0-2: Foul Ball, location: 5FF
0-2: Foul Ball, location: 25F
0-2: Foul Ball, location: 2F
0-2: Strikes out swinging
Batting: RHB Ismael Santa Cruz 0-0: Foul Ball, location: 5FF
0-1: Ball
1-1: Fly out, F9 (Flyball, 89XD, EV 171 KM/H)
Pinch Hitting: RHB Gilberto Cruz 0-0: Ball
1-0: Ball
2-0: Ball
3-0: Base on Balls
Batting: SHB Carmelo Mendoza 0-0: Called Strike
0-1: Ball
1-1: Fielders Choice at 2nd, 6-4 (Groundball, 6, EV 128 KM/H)
Top of the 9th over - 0 runs, 0 hits, 0 errors, 1 left on base; Morovis 0 - Maunabo 0
BOTTOM OF THE 9TH
Maunabo Artilleros batting - Pitching for Morovis Sanisalvos : LHP Marcelo Moreno
Now in CF: Gilberto Cruz
Batting: RHB Édgar Cruz 0-0: Ball
1-0: Fly out, F7 (Flyball, 7LD, EV 159 KM/H)
Batting: RHB Rodrigo Amezquita 0-0: Called Strike
0-1: Ball
1-1: Fly out, F9 (Line Drive, 89S, EV 167 KM/H)
Pinch Hitting: RHB Macario González 0-0: Foul Ball, location: 2F
0-1: Called Strike
0-2: Ball
1-2: Ball
2-2: Ball
3-2: Foul Ball, location: 9LSF
3-2: Base on Balls
Batting: RHB José García 0-0: Foul Ball, location: 5FF
0-1: Fielders Choice at 2nd, 6-4 (Groundball, 6, EV 132 KM/H)
Bottom of the 9th over - 0 runs, 0 hits, 0 errors, 1 left on base; Morovis 0 - Maunabo 0
TOP OF THE 10TH
Morovis Sanisalvos batting - Pitching for Maunabo Artilleros : LHP Benjamín Centeno
Now at SS: Kwame Mafole
Batting: LHB Mike Sharp 0-0: Ball
1-0: Ball
2-0: Foul Ball, location: 7LMF
2-1: Hit by Pitch
Batting: RHB Aníbal Borrayo 0-0: Fly out, F4 (Popup, 13, EV 136 KM/H)
Batting: RHB Hernán Morales 0-0: Called Strike
0-1: Sac Bunt to 15S - play at second, runner OUT! 1-6
Batting: RHB Osmundo Pasarán 0-0: Called Strike
0-1: Fielders Choice at 2nd, 6-4 (Groundball, 6, EV 164 KM/H)
Top of the 10th over - 0 runs, 0 hits, 0 errors, 1 left on base; Morovis 0 - Maunabo 0
BOTTOM OF THE 10TH
Maunabo Artilleros batting - Pitching for Morovis Sanisalvos : LHP Marcelo Moreno
Batting: RHB Wes Layman 0-0: Foul Ball, location: 9LSFF
0-1: Ball
1-1: Ground out 5-3 (Groundball, 5L, EV 140 KM/H)
Batting: RHB Maximiliano Bahena 0-0: Called Strike
0-1: Swinging Strike
0-2: Foul Ball, location: 23F
0-2: Foul Ball, location: 2F
0-2: Ball
1-2: Foul Ball, location: 5F
1-2: Reached on error, E5 (Groundball, 56S, EV 101 KM/H)
Batting: SHB Rick Rabinovich 0-0: Ball
Maximiliano Bahena is caught stealing 2nd base 2-4
1-0: Called Strike
1-1: Foul Ball, location: 3F
1-2: Ball
2-2: Ground out U3 (Groundball, 34, EV 150 KM/H)
Bottom of the 10th over - 0 runs, 0 hits, 1 error, 0 left on base; Morovis 0 - Maunabo 0
TOP OF THE 11TH
Morovis Sanisalvos batting - Pitching for Maunabo Artilleros : LHP Benjamín Centeno
Batting: RHB Juan Fermán 0-0: Ball
1-0: Ground out 6-3 (Groundball, 6, EV 164 KM/H)
Pinch Hitting: LHB Lance Briggs 0-0: Ball
1-0: Ball
2-0: Fly out, F8 (Flyball, 78D, EV 169 KM/H)
Batting: RHB Ismael Santa Cruz 0-0: Foul Ball, location: 5F
0-1: Ground out 4-3 (Groundball, 13, EV 128 KM/H)
Top of the 11th over - 0 runs, 0 hits, 0 errors, 0 left on base; Morovis 0 - Maunabo 0
BOTTOM OF THE 11TH
Maunabo Artilleros batting - Pitching for Morovis Sanisalvos : LHP Marcelo Moreno
Now at C: Reginaldo González
Batting: RHB Pablo Zamora 0-0: Ball
1-0: Ground out 4-3 (Groundball, 4, EV 124 KM/H)
Batting: RHB Eugenio Torres 0-0: Reached on error, E5 (Groundball, 5S, EV 140 KM/H)
Batting: RHB Édgar Cruz 0-0: Intentional Walk
Batting: RHB Rodrigo Amezquita 0-0: Ground out U3 (Groundball, 3L, EV 140 KM/H)
Eugenio Torres to third
Édgar Cruz to second
Batting: RHB Kwame Mafole 0-0: Ball
1-0: Called Strike
1-1: Foul Ball, location: 3F
1-2: Foul Ball, location: 23F
1-2: Ball
2-2: Strikes out swinging
Bottom of the 11th over - 0 runs, 0 hits, 1 error, 2 left on base; Morovis 0 - Maunabo 0
TOP OF THE 12TH
Morovis Sanisalvos batting - Pitching for Maunabo Artilleros : LHP Benjamín Centeno
Batting: RHB Gilberto Cruz 0-0: Ball
1-0: Ball
2-0: Fly out, F9 (Flyball, 9D, EV 151 KM/H)
Batting: SHB Carmelo Mendoza 0-0: Ball
1-0: Ball
2-0: Ground out 4-3 (Groundball, 4M, EV 136 KM/H)
Batting: LHB Mike Sharp 0-0: Ball
1-0: Foul Ball, location: 5FF
1-1: Fly out, F7 (Flyball, 7, EV 157 KM/H)
Top of the 12th over - 0 runs, 0 hits, 0 errors, 0 left on base; Morovis 0 - Maunabo 0
BOTTOM OF THE 12TH
Maunabo Artilleros batting - Pitching for Morovis Sanisalvos : LHP Marcelo Moreno
Batting: RHB José García 0-0: Ball
1-0: Called Strike
1-1: Swinging Strike
1-2: Fly out, F8 (Line Drive, 8RD, EV 162 KM/H)
Batting: RHB Wes Layman 0-0: Fly out, F7 (Flyball, 78S, EV 137 KM/H)
Batting: RHB Maximiliano Bahena 0-0: Called Strike
0-1: Foul Ball, location: 9LDF
0-2: Ground out 6-3 (Groundball, 6, EV 136 KM/H)
Bottom of the 12th over - 0 runs, 0 hits, 0 errors, 0 left on base; Morovis 0 - Maunabo 0
TOP OF THE 13TH
Morovis Sanisalvos batting - Pitching for Maunabo Artilleros : LHP Benjamín Centeno
Batting: RHB Aníbal Borrayo 0-0: Ball
1-0: Ground out 4-3 (Groundball, 34, EV 132 KM/H)
Batting: RHB Hernán Morales 0-0: Called Strike
0-1: Ground out 4-3 (Groundball, 4MD, EV 152 KM/H)
Batting: RHB Osmundo Pasarán 0-0: Ball
1-0: Foul Ball, location: 9LMF
1-1: Fly out, F7 (Flyball, 7S, EV 145 KM/H)
Top of the 13th over - 0 runs, 0 hits, 0 errors, 0 left on base; Morovis 0 - Maunabo 0
BOTTOM OF THE 13TH
Maunabo Artilleros batting - Pitching for Morovis Sanisalvos : LHP Marcelo Moreno
Batting: SHB Rick Rabinovich 0-0: Foul Ball, location: 2F
0-1: Fly out, F8 (Flyball, 89M, EV 147 KM/H)
Batting: RHB Pablo Zamora 0-0: Ground out 4-3 (Groundball, 4, EV 166 KM/H)
Batting: RHB Eugenio Torres 0-0: Ball
1-0: Foul Ball, location: 3F
1-1: Swinging Strike
1-2: Fly out, F9 (Flyball, 89S, EV 146 KM/H)
Bottom of the 13th over - 0 runs, 0 hits, 0 errors, 0 left on base; Morovis 0 - Maunabo 0
TOP OF THE 14TH
Morovis Sanisalvos batting - Pitching for Maunabo Artilleros : LHP Benjamín Centeno
Batting: RHB Juan Fermán 0-0: Called Strike
0-1: Called Strike
0-2: Foul Ball, location: 2F
0-2: Ground out 5-3 (Groundball, 56, EV 129 KM/H)
Batting: RHB Reginaldo González 0-0: Called Strike
0-1: Called Strike
0-2: Ground out 5-3 (Groundball, 56S, EV 103 KM/H)
Batting: RHB Ismael Santa Cruz 0-0: SINGLE (Line Drive, 89M, EV 158 KM/H)
Batting: RHB Gilberto Cruz 0-0: Ball
Ismael Santa Cruz is caught stealing 2nd base 2-4
Top of the 14th over - 0 runs, 1 hit, 0 errors, 0 left on base; Morovis 0 - Maunabo 0
BOTTOM OF THE 14TH
Maunabo Artilleros batting - Pitching for Morovis Sanisalvos : LHP Marcelo Moreno
Batting: RHB Édgar Cruz 0-0: Swinging Strike
0-1: Foul Ball, location: 23F
0-2: Ball
1-2: Ball
2-2: Ground out 3-1 (Groundball, 13, EV 123 KM/H)
Batting: RHB Rodrigo Amezquita 0-0: Ball
1-0: SINGLE (Line Drive, 4MD, EV 170 KM/H)
Batting: RHB Kwame Mafole 0-0: Ball
1-0: Bunted foul
1-1: Sac Bunt to 2R - play at first, batter OUT! 2-3
Rodrigo Amezquita to second
Batting: RHB José García 0-0: Ball
1-0: Ground out 4-3 (Groundball, 4, EV 131 KM/H)
Bottom of the 14th over - 0 runs, 1 hit, 0 errors, 1 left on base; Morovis 0 - Maunabo 0
TOP OF THE 15TH
Morovis Sanisalvos batting - Pitching for Maunabo Artilleros : LHP Benjamín Centeno
Batting: RHB Gilberto Cruz 0-0: Foul Ball, location: 9LSF
0-1: Ground out 6-3 (Groundball, 56, EV 169 KM/H)
Batting: SHB Carmelo Mendoza 0-0: Called Strike
0-1: Ball
1-1: Ball
2-1: Fly out, F7 (Line Drive, 7LS, EV 139 KM/H)
Batting: LHB Mike Sharp 0-0: Ball
1-0: Called Strike
1-1: Foul Ball, location: 2F
1-2: Foul Ball, location: 5SF
1-2: Ball
2-2: Strikes out swinging
Top of the 15th over - 0 runs, 0 hits, 0 errors, 0 left on base; Morovis 0 - Maunabo 0
BOTTOM OF THE 15TH
Maunabo Artilleros batting - Pitching for Morovis Sanisalvos : LHP Marcelo Moreno
Batting: RHB Wes Layman 0-0: Foul Ball, location: 2F
0-1: Ground out 5-3 (Groundball, 56, EV 168 KM/H)
Batting: RHB Maximiliano Bahena 0-0: Ball
1-0: Fly out, F7 (Flyball, 7LS, EV 145 KM/H)
Batting: SHB Rick Rabinovich 0-0: Ball
1-0: Fly out, F5 (Popup, 5, EV 113 KM/H)
Bottom of the 15th over - 0 runs, 0 hits, 0 errors, 0 left on base; Morovis 0 - Maunabo 0
TOP OF THE 16TH
Morovis Sanisalvos batting - Pitching for Maunabo Artilleros : LHP Benjamín Centeno
Batting: RHB Aníbal Borrayo 0-0: Called Strike
0-1: Ball
1-1: Foul Ball, location: 23FF
1-2: Ball
2-2: Ground out 4-3 (Groundball, 4, EV 164 KM/H)
Batting: RHB Hernán Morales 0-0: Ball
1-0: Called Strike
1-1: Foul Ball, location: 23F
1-2: SINGLE (Groundball, 4D, EV 155 KM/H)
Batting: RHB Osmundo Pasarán 0-0: Ball
1-0: Swinging Strike
1-1: Ball
2-1: Ball
3-1: Grounds into double play, 6-4-3 (Groundball, 6, EV 163 KM/H)
Top of the 16th over - 0 runs, 1 hit, 0 errors, 0 left on base; Morovis 0 - Maunabo 0
BOTTOM OF THE 16TH
Maunabo Artilleros batting - Pitching for Morovis Sanisalvos : LHP Marcelo Moreno
Batting: RHB Pablo Zamora 0-0: Called Strike
0-1: Ball
1-1: Bunted foul
1-2: Ground out 4-3 (Groundball, 4, EV 138 KM/H)
Batting: RHB Eugenio Torres 0-0: Foul Ball, location: 3FF
0-1: Swinging Strike
0-2: Ball
1-2: Foul Ball, location: 3FF
1-2: Ball
2-2: Fly out, F8 (Line Drive, 8RM, EV 149 KM/H)
Batting: RHB Édgar Cruz 0-0: Ball
1-0: Called Strike
1-1: Ball
2-1: Foul Ball, location: 9LDF
2-2: Foul Ball, location: 9LDF
2-2: Ball
3-2: Fly out, F7 (Flyball, 7, EV 146 KM/H)
Bottom of the 16th over - 0 runs, 0 hits, 0 errors, 0 left on base; Morovis 0 - Maunabo 0
TOP OF THE 17TH
Morovis Sanisalvos batting - Pitching for Maunabo Artilleros : LHP Benjamín Centeno
Batting: RHB Juan Fermán 0-0: Called Strike
0-1: Called Strike
0-2: Foul Ball, location: 5F
0-2: Ball
1-2: Ball
2-2: Ball
3-2: Base on Balls
Batting: RHB Reginaldo González 0-0: Ball
1-0: Bunted foul
1-1: Sac Bunt to 2L - play at first, batter OUT! 2-3
Juan Fermán to second
Batting: RHB Ismael Santa Cruz 0-0: Called Strike
0-1: Ball
1-1: Ball
2-1: Ball
3-1: Fly out, F8 (Line Drive, 8RM, EV 144 KM/H)
Pitching: RHP Eneas Cruz
Batting: RHB Gilberto Cruz 0-0: Reached on error, E6 (Groundball, 6, EV 144 KM/H)
Juan Fermán scores
Batting: SHB Carmelo Mendoza 0-0: Ball
1-0: Fly out, F8 (Line Drive, 89M, EV 142 KM/H)
Top of the 17th over - 1 run, 0 hits, 1 error, 1 left on base; Morovis 1 - Maunabo 0
BOTTOM OF THE 17TH
Maunabo Artilleros batting - Pitching for Morovis Sanisalvos : LHP Marcelo Moreno
Batting: RHB Rodrigo Amezquita 0-0: Fly out, F8 (Flyball, 8RD, EV 148 KM/H)
Batting: RHB Kwame Mafole 0-0: Foul Ball, location: 2F
0-1: Fly out, F8 (Flyball, 89M, EV 130 KM/H)
Batting: RHB José García 0-0: Fly out, F9 (Flyball, 9S, EV 151 KM/H)
Bottom of the 17th over - 0 runs, 0 hits, 0 errors, 0 left on base; Morovis 1 - Maunabo 0
Saturday, March 23rd , 2024 - OOTP Baseball 25.1 Build 47